 Seeded DCSS version 0.30-a0-920-g7493c07aab (webtiles) character file.

Game seed: 3425090202442293766 (custom seed)

64155 Darius099 the Grappler (level 14, -2/153 HPs)
             Began as a Troll Monk on Mar 22, 2023.
             Splashed by an acid blob's acid (4 damage)
             ... on level 2 of the Pits of Slime.
             The game lasted 01:05:05 (16857 turns).

Darius099 the Grappler (Troll Monk)                Turns: 16857, Time: 01:05:06

Health: -2/153     AC:  6    Str: 22    XL:     14   Next: 70%
Magic:  11/31      EV: 10    Int:  6    God:
Gold:   1659       SH:  0    Dex: 16    Spells: 21/25 levels left

rFire   . . .      SeeInvis +      - Unarmed
rCold   . . .      Faith    .    (no shield)
rNeg    . . .      Spirit   .    V - +0 shadow dragon scales of Fashionability {rCorr Stlth++++}
rPois   .          Reflect  .    K - +2 hat
rElec   .          Rampage  .    U - scarf {repulsion}
rCorr   +                        (gloves unavailable)
Will    +....                    (boots unavailable)
Stlth   +++                      M - amulet of regeneration
HPRegen 2.05/turn                d - ring of see invisible
MPRegen 0.22/turn                D - ring of magical power

@: corroded, studying Long Blades, repel missiles
A: large, unfitting armour, claws 3, regeneration 1, shaggy fur 1, tough skin 1
a: no special abilities


You were on level 2 of the Pits of Slime.
You visited 3 branches of the dungeon, and saw 21 of its levels.
You also visited: Bailey.

You collected 1703 gold pieces.
You spent 44 gold pieces at shops.

Inventory:

Hand Weapons
 G - the +9 spear "Dioxal" {freeze, rN+ Str-4 Int+2}
   (You took it off a spriggan on level 5 of the Lair of Beasts)

   Str:       It affects your strength (-4).
   Int:       It affects your intelligence (+2).
   rN:        It protects you from negative energy.
Missiles
 l - 3 throwing nets (quivered)
 Q - 2 large rocks
Armour
 s - a +0 cloak
 J - a +2 robe of resistance
 K - a +2 hat (worn)
 R - a +4 troll leather armour
 U - a scarf of repulsion (worn)
 V - the +0 shadow dragon scales of Fashionability (worn) {rCorr Stlth++++}
   (You acquired it on level 5 of the Lair of Beasts)

   rCorr:     It protects you from acid and corrosion.
   Stlth:     It makes you much more stealthy.
Jewellery
 d - a ring of see invisible (left claw)
 D - a ring of magical power (right claw)
 M - an amulet of regeneration (around neck)
 T - an amulet of reflection
Wands
 g - a wand of polymorph (3)
 j - a wand of mindburst (10)
 y - a wand of flame (12)
 C - a wand of light (4)
 O - a wand of charming (11)
 S - a wand of digging (5)
Scrolls
 a - a scroll of enchant weapon
 c - a scroll of acquirement
 f - a scroll of amnesia
 i - 2 scrolls of identify
 m - 4 scrolls of magic mapping
 q - 4 scrolls of fog
 r - 5 scrolls of teleportation
 t - 3 scrolls of silence
 x - a scroll of immolation
 A - a scroll of vulnerability
 I - a scroll of butterflies
 L - 2 scrolls of blinking
Potions
 b - 3 potions of ambrosia
 e - 4 potions of attraction
 k - 3 potions of resistance
 n - 9 potions of curing
 o - 4 potions of brilliance
 p - 3 potions of magic
 u - 2 potions of might
 v - a potion of flight
 w - 3 potions of haste
 z - 3 potions of heal wounds
 B - 4 potions of lignification
 F - 4 potions of mutation
 H - 2 potions of invisibility
 P - a potion of cancellation
Miscellaneous
 h - a condenser vane
 E - a phial of floods


   Skills:
 + Level 13.2 Fighting
 - Level 2.0 Maces & Flails
 + Level 7.0 Armour
 + Level 10.4 Dodging
 - Level 1.0 Stealth
 + Level 13.8 Unarmed Combat
 - Level 6.0 Spellcasting
 - Level 7.0 Transmutations


You had 21 spell levels left.
You knew the following spells:

 Your Spells              Type           Power      Damage    Failure   Level
a - Wereblood             Tmut           10%        N/A       16%         2
b - Blink                 Tloc           2%         N/A       96%         2

Your spell library contained the following spells:

 Spells                   Type           Power      Damage    Failure   Level
 Foxfire                  Conj/Fire      4%         2x1d4     88%         1
 Cigotuvi's Dreadful Rot  Necr/Pois/Air  2%         N/A       96%         2
 Poisonous Vapours        Pois/Air       2%         N/A       96%         2
 Sublimation of Blood     Necr           1%         N/A       96%         2
 Blade Hands              Tmut           5%         N/A       96%         5
 Inner Flame              Hex/Fire       1%         N/A       99%         3
 Mephitic Cloud           Conj/Pois/Air  1%         N/A       99%         3
 Portal Projectile        Hex/Tloc       2%         N/A       99%         3
 Tukima's Dance           Hex            1%         N/A       99%         3
 Animate Dead             Necr           1%         N/A       100%        4
 Flame Wave               Conj/Fire      1%         2d4       100%        4
 Manifold Assault         Tloc           1%         N/A       100%        4
 Sticky Flame             Conj/Fire      1%         2d3       100%        4
 Fireball                 Conj/Fire      0%         3d3       100%        5
 Starburst                Conj/Fire      0%         6d3       100%        6
 Haunt                    Necr/Summ      0%         N/A       100%        7
 Storm Form               Tmut/Air       3%         N/A       100%        7
 Summon Hydra             Summ           0%         N/A       100%        7
 Infestation              Necr           0%         N/A       100%        8


Dungeon Overview and Level Annotations

Branches:
Dungeon (12/15)            Temple (0/1) D:5            Lair (5/5) D:10
 Shoals (0/4) Lair:3        Snake (0/4) Lair:3        Slime (4/5) Lair:5
    Orc (0/2) D:10         Bailey (visited)

Altars:
Elyvilon
Gozag
Nemelex Xobeh
Okawaru
Qazlal
Trog
Uskayaw
Wu Jian
Yredelemnul
Zin
The Shining One
Lugonu

Shops:
D:2 ?(   D:6 *=

Portals:
Abyss: Lair:5

Annotations:
D:6 3 runed translucent doors, hgbash's ghost, novice MiBe
D:9 2 transporters, bobarctor's ghost, novice DsNe
D:11 2 transporters, relicbr's ghost, journeyman SpDe


Innate Abilities, Weirdness & Mutations

You are too large for most types of armour.
You have claws for hands.
Your natural rate of healing is unusually fast.
You are covered in fur. (AC +1)
You have tough skin. (AC +1)


Message History

Acid dripping from the walls corrodes you.
You are no longer corroded.
Acid dripping from the walls corrodes you.
An acid blob comes into view.
The acid blob quivers.
The acid blob spits acid at you. The splash of acid hits you. You resist.
An acid blob comes into view.
The acid blob quivers.
The slime creature hits you but does no damage.
The acid blob spits acid at you.
The splash of acid hits you but does no damage.
The acid corrodes you!
You scratch the slime creature but do no damage.
The acid blob spits acid at you. The splash of acid hits you! You resist.
The acid corrodes you!
The slime creature hits you but does no damage.
You mangle the slime creature!!
The slime creature is heavily wounded.
The slime creature completely misses you.
You scratch the slime creature but do no damage.
The slime creature is heavily wounded.
The acid blob jiggles.
The acid blob spits acid at you. The splash of acid hits you! You resist.
The slime creature hits you!
You mangle the slime creature!!
The slime creature is severely wounded.
The acid blob hits you!!!
* * * LOW HITPOINT WARNING * * *
You are splashed with acid.
You resist.
* * * LOW HITPOINT WARNING * * *
The acid blob spits acid at you. The splash of acid hits you. You resist.
* * * LOW HITPOINT WARNING * * *
You feel better. The slime creature hits you.
* * * LOW HITPOINT WARNING * * *
The acid blob hits you!!
* * * LOW HITPOINT WARNING * * *
The acid corrodes you!
You are splashed with acid.
You resist.
You die...

##.......#..#...# ..
####.#..........## ..#
##.#.###...<......#
...###.....#............
....#..........#........
#................>......
#......#...........#...
#....J.................
...#.@J........<..#...
.....J.......#......###.
#....................#..
###..##.................
##. ##.##.#........#.. .
######.........#. #
#.........# #... .....
....


You could see 2 acid blobs and a slime creature.

Vanquished Creatures
  2 vault guards (Bailey)
  7 hydras
  2 catoblepae
  2 two-headed ogres
  3 death yaks (Lair:1)
  3 thrashing horrors (Lair:5)
  Sonja (Lair:3)
  Amaemon (Lair:1)
  4 skysharks
  Pikel (D:9)
  3 lindwurms
  5 ugly things
  A cyclops (D:11)
  A manticore (D:11)
  29 elephants
  A smoke demon (Lair:5)
  4 black mambas
  An orange demon (Lair:1)
  9 cane toads
  A gargoyle (D:12)
  Psyche (D:9)
  11 komodo dragons
  An ancient zyme (Lair:5)
  3 polar bears
  Prince Ribbit (Bailey)
  2 trolls
  Grinder (D:4)
  15 blink frogs
  2 large abominations (Lair:5)
  A hornet (D:8)
  9 dream sheep
  Sigmund (D:3)
  A shadow (D:11)
  5 wyverns
  A spriggan (Lair:5)
  2 ynoxinuls (Lair:5)
  10 humans
  A fire bat (shapeshifter) (Lair:5)
  57 yaks
  6 vampire mosquitoes
  A steam dragon (D:8)
  2 chaos spawn (Lair:5)
  6 basilisks
  3 nagas (Lair:3)
  2 wargs (D:10)
  2 acid dragons
  10 small abominations (Lair:5)
  13 water moccasins
  2 ice beasts
  A sky beast (D:7)
  4 orc warriors
  3 black bears
  3 ogres
  11 wolves
  3 centaurs
  A lemure (D:9)
  2 kobold brigands
  A gnoll sergeant (D:6)
  3 scorpions (D:6)
  16 bullfrogs
  5 killer bees (D:11)
  An electric eel (Lair:3)
  3 howler monkeys (D:7)
  A crimson imp (D:4)
  11 hounds
  A jelly (D:6)
  8 orc priests
  Terence (D:3)
  2 iguanas (D:6)
  A sleepcap (D:6)
  6 orc wizards
  6 adders
  3 gnolls (D:6)
  A shadow imp (D:5)
  A worm (D:2)
  14 dart slugs
  34 orcs
  8 ball pythons
  7 bats
  5 endoplasms
  3 giant cockroaches
  12 goblins
  9 hobgoblins
  A jackal (D:7)
  11 kobolds
  A quokka (D:2)
  4 frilled lizards
  A goblin skeleton (D:4)
  A goblin zombie (D:4)
  A hobgoblin zombie (D:4)
  A kobold skeleton (D:4)
  2 kobold zombies (D:4)
  An orc skeleton (D:4)
  13 rats
481 creatures vanquished.

Vanquished Creatures (others)
  A bush (Lair:2)
  46 fungi
  45 plants
92 creatures vanquished.

Grand Total: 573 creatures vanquished

Notes
Turn   | Place    | Note
-------+----------+-------------------------------------------
     0 | D:1      | Darius099 the Troll Monk began the quest for the Orb.
     0 | D:1      | Reached XP level 1. HP: 22/22 MP: 0/0
   111 | D:1      | Reached XP level 2. HP: 27/29 MP: 1/1
   482 | D:1      | Found a faded altar of an unknown god.
   606 | D:2      | Reached XP level 3. HP: 36/36 MP: 2/2
   712 | D:2      | Found Nareh's Weapon Boutique.
   930 | D:2      | Reached skill level 5 in Unarmed Combat
   930 | D:2      | Reached XP level 4. HP: 44/44 MP: 3/3
  1206 | D:2      | Found Lipoy's Magic Scroll Boutique.
  1210 | D:2      | Bought a scroll of identify for 22 gold pieces
  1210 | D:2      | Bought a scroll of identify for 22 gold pieces
  1220 | D:2      | Identified 2 scrolls of acquirement
  1220 | D:2      | Acquired 503 gold pieces
  1395 | D:3      | Noticed Sigmund
  1406 | D:3      | Killed Sigmund
  1407 | D:3      | Reached XP level 5. HP: 32/50 MP: 2/4
  1407 | D:3      | Reached XP level 6. HP: 38/59 MP: 2/5
  1662 | D:3      | Noticed Terence
  1666 | D:3      | Killed Terence
  2261 | D:4      | Noticed Grinder
  2315 | D:4      | Killed Grinder
  2316 | D:4      | Reached XP level 7. HP: 57/66 MP: 6/6
  2422 | D:4      | Found a glowing golden altar of the Shining One.
  3259 | D:4      | Found a white marble altar of Elyvilon.
  3259 | D:4      | Found an ornate altar of the Wu Jian Council.
  3260 | D:4      | Found a basalt altar of Yredelemnul.
  3503 | D:5      | Entered Level 5 of the Dungeon
  3646 | D:5      | Identified the +2 robe of a Hundred Friends {rElec Str+4
                  | Int-5 Slay+3}
  3832 | D:5      | Found a staircase to the Ecumenical Temple.
  3966 | D:5      | Found an iron altar of Okawaru.
  4013 | D:5      | Reached skill level 10 in Unarmed Combat
  4013 | D:5      | Reached XP level 8. HP: 72/74 MP: 7/7
  4203 | D:5      | Acquired a manual of Fighting
  4305 | D:6      | Found a bloodstained altar of Trog.
  4399 | D:6      | Found Kausagei's Jewellery Shop.
  4412 | D:6      | Found Xyeg's General Store.
  4582 | D:6      | Found a glowing silver altar of Zin.
  4614 | D:6      | Found a runed translucent gate.
  4614 | D:6      | Noticed hgbash's ghost (novice MiBe)
  4615 | D:6      | Found a runed translucent gate.
  4616 | D:6      | Found a runed translucent gate.
  5167 | D:6      | Reached XP level 9. HP: 34/80 MP: 2/8
  5335 | D:7      | Reached skill level 1 in Transmutations
  5555 | D:7      | Reached skill level 1 in Spellcasting
  5659 | D:7      | You fall into a shaft and drop 2 floors!
  5774 | D:9      | Noticed Pikel
  5792 | D:9      | Killed Pikel
  5864 | D:9      | Reached skill level 5 in Fighting
  5925 | D:9      | Learned a level 2 spell: Wereblood
  5941 | D:9      | Noticed Psyche
  5949 | D:9      | Killed Psyche
  6102 | D:9      | Found a stormy altar of Qazlal.
  6118 | D:9      | Reached XP level 10. HP: 89/97 MP: 10/12
  6229 | D:9      | Found a transporter.
  6237 | D:9      | Noticed a moth of wrath
  6239 | D:9      | Noticed bobarctor's ghost (novice DsNe)
  6293 | D:8      | Paralysed by a hornet for 2 turns
  6476 | D:7      | Reached skill level 5 in Dodging
  6571 | D:7      | Learned a level 2 spell: Blink
  6763 | D:8      | Found a hide-covered altar of Uskayaw.
  6807 | D:8      | Noticed a purple ugly thing
  6825 | D:8      | Killed a purple ugly thing
  7561 | D:9      | Found a transporter.
  7794 | D:10     | Entered Level 10 of the Dungeon
  7816 | D:9      | Reached XP level 11. HP: 90/111 MP: 9/15
  8220 | D:10     | Found a flagged portal.
  8234 | Bailey   | Entered a bailey
  8246 | Bailey   | Reached skill level 5 in Transmutations
  8329 | Bailey   | Noticed a vault guard
  8340 | Bailey   | Killed a vault guard
  8360 | Bailey   | Noticed Prince Ribbit
  8360 | Bailey   | Noticed a vault guard
  8381 | Bailey   | Killed Prince Ribbit
  8453 | Bailey   | Killed a vault guard
  8611 | D:10     | Found a staircase to the Orcish Mines.
  8635 | D:10     | Found a staircase to the Lair.
  8865 | D:10     | Found an opulent altar of Gozag.
  8866 | D:10     | Found a sparkling altar of Nemelex Xobeh.
  9131 | Lair:1   | Entered Level 1 of the Lair of Beasts
  9382 | D:11     | Noticed a boulder beetle
  9503 | D:11     | Noticed a two-headed ogre
  9514 | D:11     | Killed a two-headed ogre
  9550 | D:11     | Noticed relicbr's ghost (journeyman SpDe)
  9631 | D:11     | Found a transporter.
  9654 | D:11     | Found a transporter.
 10179 | D:12     | Noticed a two-headed ogre
 10193 | D:12     | Killed a two-headed ogre
 10194 | D:12     | Reached skill level 10 in Fighting
 10194 | D:12     | Reached skill level 5 in Spellcasting
 10194 | D:12     | Reached XP level 12. HP: 67/126 MP: 10/18
 10543 | Lair:1   | Noticed a death yak
 10543 | Lair:1   | Noticed a death yak
 10543 | Lair:1   | Noticed a death yak
 10574 | Lair:1   | Killed a death yak
 10582 | Lair:1   | Killed a death yak
 10591 | Lair:1   | Killed a death yak
 11080 | Lair:1   | Reached skill level 1 in Armour
 11110 | Lair:1   | Noticed Amaemon
 11124 | Lair:1   | Killed Amaemon
 11708 | Lair:2   | Noticed a catoblepas
 11726 | Lair:1   | Killed a catoblepas
 11932 | Lair:2   | Noticed a seven-headed hydra
 12149 | Lair:2   | Reached skill level 1 in Maces & Flails
 12167 | Lair:2   | Reached XP level 13. HP: 121/137 MP: 20/20
 12813 | Lair:3   | Found a staircase to the Snake Pit.
 13048 | Lair:3   | Noticed Sonja
 13088 | Lair:3   | Killed Sonja
 13678 | Lair:3   | Found a staircase to the Shoals.
 14221 | Lair:4   | You fall into a shaft and drop 1 floor!
 14221 | Lair:5   | Entered Level 5 of the Lair of Beasts
 14305 | Lair:5   | Reached skill level 5 in Armour
 14524 | Lair:5   | Identified the +9 spear "Dioxal" {freeze, rN+ Str-4 Int+2}
 14611 | Lair:5   | Reached XP level 14. HP: 15/150 MP: 22/22
 14703 | Lair:5   | Found a corrupted altar of Lugonu.
 14709 | Lair:5   | Found a one-way gate to the infinite horrors of the Abyss.
 15472 | Lair:4   | Reached skill level 10 in Dodging
 16501 | Lair:5   | Found a staircase to the Slime Pits.
 16732 | Lair:5   | Acquired the +0 shadow dragon scales of Fashionability
                  | {rCorr Stlth++++}
 16757 | Slime:1  | Entered Level 1 of the Pits of Slime
 16758 | Slime:1  | Noticed an acid blob
 16764 | Slime:1  | Noticed a rockslime
 16790 | Slime:2  | Noticed an acid blob
 16790 | Slime:2  | Noticed a quicksilver ooze
 16790 | Slime:2  | Noticed a quicksilver ooze
 16792 | Slime:2  | Noticed a rockslime
 16849 | Slime:2  | Noticed an acid blob
 16851 | Slime:2  | Noticed an acid blob
 16857 | Slime:2  | HP: 2/153 [acid blob (20)]
 16857 | Slime:2  | Splashed by an acid blob's acid

Illustrated notes

Levels and vault maps discovered:
D:1:      minmay_arrival_loop, layout_basic, ebering_ecumenical_altar_webs,
          moated_statue, minmay_tetromino_s2
D:2:      minmay_angry_zag, layout_basic, serial_shops,
          nicolae_shop_behind_doors, nicolae_shop_bloodbath_and_beyond,
          minmay_cut_off
D:3:      kennysheep_slugbush, layout_basic, uniq_sigmund, uniq_terence
D:4:      layout_layer_cave, gammafunk_temple_overflow_claw,
          nicolae_tso_besieged_by_evil, minivault_24, uniq_grinder
D:5:      layout_loops_ring, mainiacjoe_overflow_small_starburst,
          minmay_temple_entry_grid, minmay_misc_feat_square
D:6:      cheibrodos_iron_armory, layout_basic, bloody_trog, marbit_many_paths,
          serial_shops, shop, shop, biasface_ghost_orc_armoury,
          minmay_manual_mares
D:7:      erik_cavepeople, layout_basic
D:8:      layout_gridville, nicolae_uskayaw_dance_hall
D:9:      layout_loops_corners, grunt_qazlal_clouds,
          gammafunk_ghost_berserking_beasts, uniq_psyche, uniq_pikel
D:10:     layout_loops_ring, grunt_temple_overflow_opulence,
          erik_lair_orcish_takeover, orc_0_dummy, enter_bailey_5
D:11:     layout_loops_cross, gammafunk_ghost_stat_death
D:12:     layout_long_grid
Lair:1:   layout_cave_pods, nicolae_quartered_pool_little, grunt_megastairs_3,
          uniq_amaemon, uniq_urug
Lair:2:   layout_roguey, infiniplex_staircase_pool_2
Lair:3:   layout_cave_pods, elwin_shoals_entry_rooms,
          guppyfry_snake_entry_island, uniq_sonja
Lair:4:   layout_long_grid, lemuel_old_faithful
Lair:5:   hellmonk_lair_end_abyssal_woods, layout_misc_corridors,
          dpeg_slime_entry_enclosed, minivault_11
Slime:1:  layout_caves, nicolae_slime_barrier,
          cheibrodos_slime_lost_civilization_5
Slime:2:  layout_caves, cheibrodos_slime_lost_civilization_4
Slime:3:  cheibrodos_slime_lost_civilization_3, layout_caves
Slime:4:  layout_caves, nicolae_slime_round_cave

Skill      XL: |  1  2  3  4  5  6  7  8  9 10 11 12 13 14 |
---------------+-------------------------------------------+-----
Unarmed Combat | 4 5 6 8 10 12 13 | 13.8
Fighting       | 5 7 10 11 12 13 | 13.2
Transmutations | 3 4 6 7 |  7.0
Dodging        | 4 5 7 8 9 10 | 10.4
Spellcasting   | 2 3 5 6 |  6.0
Armour         | 3 5 7 |  7.0
Maces & Flails | 1 2 |  2.0
Stealth        | |  1.0

Action                     |  1- 3 |  4- 6 |  7- 9 | 10-12 | 13-15 || total
---------------------------+-------+-------+-------+-------+-------++-------
  Melee: Unarmed           |    99 |    84 |   204 |   620 |   648 ||  1655
         Punch             |     3 |       |     5 |    50 |    74 ||   132
         Whip              |       |       |       |    14 |    13 ||    27
         Spear             |       |       |       |       |    61 ||    61
   Cast: Wereblood         |       |       |       |     3 |     5 ||     8
    Use: Scroll            |       |     6 |     4 |    21 |    14 ||    45
         Potion            |       |       |       |     1 |     8 ||     9
   Stab: Sleeping          |     3 |     4 |     5 |     1 |     3 ||    16
         Petrified         |       |       |       |       |     8 ||     8
         Distracted        |       |       |       |       |     1 ||     1
         Petrifying        |       |       |       |       |     1 ||     1
 Armour: Robe              |    41 |    13 |    59 |    72 |       ||   185
         Troll leather arm |       |       |       |    96 |   415 ||   511
         Shadow dragon sca |       |       |       |       |    14 ||    14
  Dodge: Dodged            |    61 |    28 |    84 |   314 |   706 ||  1193
         Repelled          |       |       |       |       |     6 ||     6

Table legend: (Time is in decaauts)
 A = Elapsed time spent in this place.
 B = Non-inter-level travel time spent in this place.
 C = Inter-level travel time spent in this place.
 D = Time resting spent in this place.
 E = Time spent auto-exploring this place.
 F = Levels seen in this place.
 G = Mean time per level.
                   A        B        C        D        E       F      G
               +--------+--------+--------+--------+--------+-----+--------+
         Total |  16518 |  15903 |    615 |   1495 |   8908 |  22 |  750.8 |
       Dungeon |   9869 |   9464 |    405 |    649 |   6333 |  12 |  822.4 |
          Lair |   6242 |   6032 |    210 |    771 |   2573 |   5 | 1248.4 |
    Slime Pits |     98 |     98 |      0 |      0 |      0 |   4 |   24.5 |
        Bailey |    307 |    307 |      0 |     75 |      2 |   1 |  307.0 |
               +--------+--------+--------+--------+--------+-----+--------+

Top non-repeatable levels by time:
  Lair:5: 1621 daAuts
  Lair:1: 1453 daAuts
  Lair:3: 1418 daAuts
     D:9: 1228 daAuts
     D:4: 1213 daAuts
     D:6: 993 daAuts
    D:10: 945 daAuts
  Lair:4: 919 daAuts
     D:3: 881 daAuts
    D:11: 852 daAuts
  Lair:2: 829 daAuts
     D:7: 823 daAuts
     D:2: 816 daAuts
     D:8: 704 daAuts
     D:5: 698 daAuts
